 Dungeon Crawl Stone Soup version 0.22.0-49-gab54619 (webtiles) character file.

153 dvd the Caller (level 5, -3/36 HPs)
             Began as a Demonspawn Summoner on Sept 4, 2018.
             Slain by Grinder (9 damage)
             ... on level 3 of the Dungeon.
             The game lasted 00:10:46 (3257 turns).

dvd the Caller (Demonspawn Summoner)                Turns: 3257, Time: 00:10:47

Health: -3/36      AC:  3    Str:  8    XL:     5   Next: 12%
Magic:  8/18       EV: 12    Int: 17    God:
Gold:   49         SH:  0    Dex: 14    Spells: 4/10 levels left

rFire    . . .     SeeInvis .   i - +0 mace
rCold    . . .     Gourm    .   (no shield)
rNeg     . . .     Faith    .   a - +0 robe
rPois    .         Spirit   .   v - +0 helmet
rElec    .         Reflect  .   (no cloak)
rCorr    .         Harm     .   (no gloves)
MR       .....                  (no boots)
Stlth    +++.......             l - amulet of rage
HPRegen  0.12/turn              q - ring of magical power
MPRegen  0.16/turn              p - +2 ring of slaying

@: no status effects
A: hooves 1, nightstalker 1
a: Evoke Berserk Rage


You were on level 3 of the Dungeon.
You were not hungry.

You visited 1 branch of the dungeon, and saw 3 of its levels.

You collected 49 gold pieces.

Inventory:

Hand Weapons
 d - a +0 whip
 i - a +0 mace (weapon)
 s - a +0 long sword
Armour
 a - a +0 robe (worn)
 v - a +0 helmet (worn)
Jewellery
 j - an uncursed ring of positive energy
 l - an amulet of rage (around neck)
 p - a +2 ring of slaying (right hand)
 q - a ring of magical power (left hand)
Scrolls
 b - 3 scrolls of remove curse {unknown}
 f - a scroll of random uselessness {unknown}
 n - 2 scrolls of immolation {unknown}
 o - 2 scrolls of teleportation {unknown}
 u - a scroll of identify {unknown}
Potions
 e - a potion of heal wounds {unknown}
 g - 2 potions of mutation {unknown}
 h - a potion of berserk rage {unknown}
 k - a potion of resistance {unknown}
 r - a potion of curing {unknown}
 t - a potion of degeneration {unknown}
Comestibles
 c - 6 rations
 m - 25 chunks of flesh


   Skills:
 + Level 0.3 Fighting
 + Level 0.7 Maces & Flails
 + Level 2.1 Dodging
 + Level 2.1 Stealth
 + Level 3.2 Spellcasting
 + Level 5.2 Summonings


You had 4 spell levels left.
You knew the following spells:

 Your Spells              Type           Power        Failure   Level  Hunger
a - Summon Small Mammal   Summ           ###.         1%          1    None
b - Call Imp              Summ           ###.....     3%          2    ##.....
c - Call Canine Familiar  Summ           ###.....     6%          3    ###....

Your spell library contained the following spells:

 Spells                   Type           Power        Failure   Level  Hunger
 Summon Guardian Golem    Hex/Summ       ##......     17%         3    ###....
 Summon Ice Beast         Ice/Summ       ##......     50%         4    ####...
 Summon Lightning Spire   Summ/Air       ##......     50%         4    ####...


Dungeon Overview and Level Annotations

Branches:
Dungeon (3/15)

Altars:
Uskayaw
Xom

Annotations:
D:3 Grinder


Innate Abilities, Weirdness & Mutations

You have large cloven feet.
You are slightly more attuned to the shadows.


Message History

Your white imp disappears in a puff of smoke!
Your hound bites Grinder but does no damage.
The jackal closely misses you.
The jackal bites you but does no damage.
Your hound bites Grinder but does no damage.
The jackal closely misses you. Grinder barely misses you.
Your shadow imp closely misses the jackal.
Your white imp hits Grinder.
Your white imp freezes Grinder.
Grinder resists.
Casting: Call Imp (safe; 3% risk of failure)
Confirm with . or Enter, or press ? or * to list all spells.
A beastly little devil appears in a puff of flame.
The jackal closely misses you.
Your hound barely misses Grinder.
The jackal closely misses you. Grinder hits you.
* * * LOW HITPOINT WARNING * * *
The jackal misses you.
Your shadow imp hits the jackal.
Your white imp gestures at Grinder.
The puff of frost hits Grinder.
Grinder completely resists.
Your hound closely misses Grinder.
Your hound bites Grinder.
Grinder hits you!
You die...

######.... ##### ##.....5...
#####.... ......(...
###...#...#####.........
.............$.5.h.ll...
#...........###.55......
#...............@hh5....
............##...†..####
...........##).....%.#
.#...[#...##...........
...#......##.........#..
.#####.....#.........# .
.#####.......).......#
.....................# ....
######....)..........###.#..


You could see Grinder, a leopard gecko, 2 jackals, a frilled lizard, a friendly
hound, 2 friendly crimson imps, a friendly white imp and a friendly shadow imp.

Vanquished Creatures
  A worm (D:2)
  A dart slug (D:2)
  2 leopard geckos (D:1)
  A giant cockroach (D:1)
  3 goblins
  4 hobgoblins
  A quokka (D:2)
  3 bats
  3 frilled lizards
  4 kobolds
  3 rats
  A bush (D:1)
  A plant (D:1)
28 creatures vanquished.

Vanquished Creatures (collateral kills)
  A big kobold (D:3)
  4 adders
  6 gnolls
  3 worms
  2 leopard geckos
  An orc (D:3)
  4 bats
  3 giant cockroaches
  3 goblins
  7 hobgoblins
  A quokka (D:3)
  A ball python (D:1)
  2 frilled lizards
  5 kobolds
  3 rats
46 creatures vanquished.

Grand Total: 74 creatures vanquished

Notes
Turn   | Place    | Note
-------+----------+-------------------------------------------
     0 | D:1      | dvd the Demonspawn Summoner began the quest for the Orb.
     0 | D:1      | Reached XP level 1. HP: 13/13 MP: 3/3
   388 | D:1      | Gained mutation: You are slightly more attuned to the
                  | shadows. [demonic ancestry]
   388 | D:1      | Reached XP level 2. HP: 16/19 MP: 1/5
   872 | D:1      | Learned a level 2 spell: Call Imp
  1524 | D:2      | Gained mutation: You have large cloven feet. [demonic
                  | ancestry]
  1524 | D:2      | Reached XP level 3. HP: 11/24 MP: 3/6
  1681 | D:2      | Found a shimmering altar of Xom.
  1717 | D:2      | Found a hide-covered altar of Uskayaw.
  2300 | D:2      | Reached XP level 4. HP: 29/30 MP: 7/7
  2310 | D:2      | Learned a level 3 spell: Call Canine Familiar
  3028 | D:3      | Noticed a big kobold
  3037 | D:3      | Killed a big kobold
  3037 | D:3      | Reached skill level 5 in Summonings
  3060 | D:3      | Reached XP level 5. HP: 32/36 MP: 9/9
  3249 | D:3      | Noticed Grinder
  3257 | D:3      | Slain by Grinder

Skill      XL: |  1  2  3  4 |
---------------+-------------+-----
Dodging        | 2 |  2.1
Stealth        | 2 |  2.1
Spellcasting   | 3 |  3.2
Summonings     | 5 |  5.2
Fighting       | |  0.3
Maces & Flails | |  0.7

Action                   |  1- 3 |  4- 6 || total
-------------------------+-------+-------++-------
Melee: Unarmed           |     9 |       ||     9
       Whip              |     8 |       ||     8
       Mace              |   224 |    23 ||   247
       Kick              |     5 |     8 ||    13
 Cast: Summon Small Mamm |    25 |       ||    25
       Call Imp          |    17 |    17 ||    34
       Call Canine Famil |       |     8 ||     8
 Stab: Sleeping          |     7 |     1 ||     8
  Eat: Chunk             |     6 |     5 ||    11
Armor: Robe              |    17 |     8 ||    25
Dodge: Dodged            |    68 |    30 ||    98
